 Dungeon Crawl Stone Soup version 0.17.0-18-gaab0e96 (webtiles) character file.

165 ventricule the Poker (level 5, 0/31 HPs)
             Began as a Tengu Arcane Marksman on Nov 11, 2015.
             Succumbed to a goblin's poison
             ... on level 3 of the Dungeon.
             The game lasted 00:09:00 (3826 turns).

ventricule the Poker (Tengu Arcane Marksman)        Turns: 3826, Time: 00:09:00

Health: 0/31       AC:  2    Str: 11    XL:     5   Next: 46%
Magic:  7/7        EV: 13    Int: 19    God:
Gold:   139        SH:  0    Dex: 14    Spells: 2 memorised, 3 levels left

rFire  . . .     SeeInvis .     b - +0 trident
rCold  . . .     Clarity  +     c - +0 robe
rNeg   . . .     SustAt   .     (no shield)
rPois  .         Gourm    .     (helmet restricted)
rElec  .         Spirit   .     (no cloak)
rCorr  .         Warding  .     (no gloves)
rMut   .         Stasis   .     (boots unavailable)
MR     .....                    j - amulet of clarity
Stlth  +.........               (no ring)
                                h - ring of flight

@: brilliant, lethally poisoned (0 -> -2), not resistant to hostile
enchantments, very unstealthy
A: beak, talons 3, able to fly 1
a: Fly, Evoke Flight


You were on level 3 of the Dungeon.
You were not hungry.

You visited 1 branch of the dungeon, and saw 3 of its levels.

You collected 139 gold pieces.


Innate Abilities, Weirdness & Mutations

You have a beak for a mouth.
You have claws for feet.
You can fly.


   Skills:
 - Level 2.6 Fighting
 + Level 3.7 Polearms
 - Level 2.1 Crossbows
 - Level 3.5 Dodging
 - Level 1.0 Spellcasting
 - Level 2.1 Hexes


You had 3 spell levels left.
You knew the following spells:

 Your Spells              Type           Power        Failure   Level  Hunger
z - Slow                  Hex            ###.....     1%          2    ###....
Z - Corona                Hex            ###....      1%          1    ##.....

Inventory:

Hand Weapons
 a - a +0 hand crossbow
 b - a +0 trident (weapon)
 m - a +0 dagger
Missiles
 g - 17 bolts
Armour
 c - a +0 robe (worn)
Jewellery
 h - a ring of flight (left hand)
 j - an amulet of clarity (around neck)
 l - an uncursed ring of poison resistance
Scrolls
 k - a scroll of remove curse
 n - a scroll of fear {unknown}
 p - a scroll of immolation {unknown}
 r - 2 scrolls of identify {@r1}
 s - a scroll of magic mapping
 t - a scroll of teleportation {@r4}
Potions
 i - 2 potions of agility
Books
 d - a book of Debilitation

   Spells                             Type                      Level
   a - Corona                         Hexes                        1
   b - Slow                           Hexes                        2
   c - Gell's Gravitas                Hexes/Translocation          3
   d - Inner Flame                    Hexes/Fire                   3
   e - Cause Fear                     Hexes                        4
   f - Leda's Liquefaction            Hexes/Earth                  4
Comestibles
 e - 4 bread rations
 q - a meat ration

Dungeon Overview and Level Annotations

Branches:
Dungeon (3/15)

Altars:
Dithmenos
Elyvilon
Kikubaaqudgha
Makhleb
Okawaru
Vehumet
Xom

▒....▒▒.▒.▒.......▒
▒.▒ ▒.▒
▒▒▒▒.▒▒.▒.▒.......▒
▒.▒ ▒.▒
▒.▒▒.▒.▒.......▒ ▒.▒
▒..
▒▒▒▒▒▒▒†▒▒...▒▒▒▒▒▒▒▒▒
▒.▒ ▒▒▒ .........▒░░░░
▒.▒ ▒
.........▒▒▒▒▒▒▒▒▒
▒.▒▒▒▒▒
.................▒
▒.▒....
▒▒▒▒▒▒▒▒▒▒▒▒▒▒▒▒.▒
▒.+.... ▒Q▒ ▒▒▒....
▒.▒ ▒.... ▒▒▒▒B▒ ▒▒▒▒▒
▒.)..▒ ▒g▒▒▒▒ ░░░
▒.▒▒▒▒ ≈≈░░ ▒....▒
≈≈≈░░ ▒▒▒▒g▒ ▒▒▒▒▒▒▒▒▒
.≈≈≈░ ▒....▒
▒.......▒▒▒▒▒▒


You could see a giant cockroach.


Message History

You feel clever all of a sudden.
* * * LOW HITPOINT WARNING * * *
You feel sick.
The giant cockroach bites you but does no damage.
Drink which item? (? for menu, Esc to quit)
It was a potion of cure mutation.
It has a very clean taste.
The giant cockroach bites you.
* * * LOW HITPOINT WARNING * * *
* * * LOW HITPOINT WARNING * * *
You feel sick.
* * * LOW HITPOINT WARNING * * *
You feel sick.
The giant cockroach completely misses you.
* * * LOW HITPOINT WARNING * * *
You feel sick.
* * * LOW HITPOINT WARNING * * *
You feel sick.
The giant cockroach bites you but does no damage.
Evoke which item? (* to show all) (? for menu, Esc to quit)
Okay, then.
Read which item? (? for menu, Esc to quit)
As you read the scroll labeled GOFROI YGEANIA, it crumbles to dust.
You feel aware of your surroundings.
It was a scroll of magic mapping.
* * * LOW HITPOINT WARNING * * *
You feel sick. The giant cockroach closely misses you.
* * * LOW HITPOINT WARNING * * *
You feel sick. The giant cockroach barely misses you.
Things that are here:
a club; a goblin skeleton You die...

Action                   |  1- 3 |  4- 6 || total
-------------------------+-------+-------++-------
Melee: Unarmed           |     8 |       ||     8
       Dagger            |    80 |       ||    80
       Trident           |     5 |   128 ||   133
 Fire: Hand crossbow     |    11 |    16 ||    27
 Cast: Corona            |    21 |     1 ||    22
  Use: Scroll            |     4 |     1 ||     5
       Potion            |       |     2 ||     2
 Stab: Sleeping          |     1 |     3 ||     4
  Eat: Chunk             |     3 |     7 ||    10

Vault maps used:
D:1:      evilmike_arrival_come_back, st_stairs_11, minmay_strange_pillars
D:2:      gammafunk_temple_overflow_pools, first_bread, okawaru_trees_2
D:3:      kennysheep_goblin_castle, gammafunk_temple_overflow_forgotten,
          grunt_ministairs_10, minmay_misc_feat_hallway,
          nicolae_dithmenos_through_a_glass_darkly

Notes
Turn   | Place    | Note
--------------------------------------------------------------
     0 | D:1      | ventricule the Tengu Arcane Marksman began the quest for the Orb.
     0 | D:1      | Reached XP level 1. HP: 12/12 MP: 3/3
   228 | D:1      | Noticed a centaur
   273 | D:1      | Reached XP level 2. HP: 10/16 MP: 0/4
   653 | D:1      | Reached skill level 2 in Fighting
   653 | D:1      | Reached skill level 3 in Dodging
   653 | D:1      | Reached XP level 3. HP: 14/21 MP: 1/5
  1309 | D:2      | Found a radiant altar of Vehumet.
  1310 | D:2      | Found an ancient bone altar of Kikubaaqudgha.
  1391 | D:2      | Found an iron altar of Okawaru.
  1749 | D:2      | Reached XP level 4. HP: 18/27 MP: 6/6
  1763 | D:2      | Learned a level 2 spell: Slow
  1974 | D:2      | Reached skill level 1 in Polearms
  2182 | D:3      | Found a burning altar of Makhleb.
  2192 | D:3      | Found a white marble altar of Elyvilon.
  2193 | D:3      | Found a shimmering altar of Xom.
  2690 | D:3      | Found a shadowy altar of Dithmenos.
  2833 | D:3      | Reached skill level 2 in Polearms
  3050 | D:3      | Gained mutation: You can fly. [Tengu growth]
  3050 | D:3      | Reached XP level 5. HP: 27/31 MP: 7/7
  3067 | D:3      | Reached skill level 3 in Polearms
  3810 | D:3      | HP: 3/31 [poisoned by a goblin]
  3815 | D:3      | HP: 2/31 [poisoned by a goblin]
  3822 | D:3      | HP: 1/31 [poisoned by a goblin]
  3826 | D:3      | Succumbed to a goblin's poison

Vanquished Creatures
  An orc wizard (D:3)
  A gnoll (D:1)
  4 adders
  3 oozes
  2 worms
  4 giant geckos (D:3)
  5 orcs
  A ball python (D:3)
  3 giant cockroaches (D:2)
  8 hobgoblins
  3 bats (D:3)
  5 giant newts
  13 goblins
  2 jackals (D:1)
  6 kobolds
  8 rats
69 creatures vanquished.
